 Dungeon Crawl Stone Soup version 0.29.1-1-gd02db6906a (webtiles) character file.

Game seed: 17819413177384178501

4963 drewk1942 the Geomancer (level 10, -5/69 HPs)
             Began as a Purple Draconian Earth Elementalist on Oct 6, 2022.
             Was a Follower of Sif Muna.
             Slain by a komodo dragon (25 damage)
             ... on level 1 of the Lair of Beasts.
             The game lasted 00:36:19 (11498 turns).

drewk1942 the Geomancer (DrEE)                     Turns: 11498, Time: 00:36:20

Health: -5/69      AC: 10    Str: 10    XL:     10   Next: 28%
Magic:  20/22      EV: 12    Int: 25    God:    Sif Muna [*.....]
Gold:   539        SH:  0    Dex: 12    Spells: 3/25 levels left

rFire   + . .      SeeInvis .   n - +4 dagger "Morg" {pain, Will+ Int+5}
rCold   . . .      Faith    +   (no shield)
rNeg    . . .      Spirit   .   (body armour unavailable)
rPois   .          Reflect  .   (helmet restricted)
rElec   .          Harm     .   (no cloak)
rCorr   .          Rampage  .   N - +0 pair of gloves
Will    ++...                   e - +1 pair of boots of Vuogabb {Stlth+}
Stlth   +++.......              w - amulet of faith
HPRegen 0.21/turn               s - ring of protection from fire
MPRegen 0.18/turn               J - ring of wizardry

@: no status effects
A: breathe power, AC +7, unfitting armour, cold-blooded
a: Breathe Dispelling Energy, Renounce Religion, Channel Magic


You were on level 1 of the Lair of Beasts.
You worshipped Sif Muna.
Sif Muna was aware of your devotion.
You visited 3 branches of the dungeon, and saw 12 of its levels.

You collected 609 gold pieces.
You spent 70 gold pieces at shops.

Inventory:

Hand Weapons
 d - a +0 short sword
 g - a +0 dagger
 m - a +0 mace of draining
 n - the +4 dagger "Morg" (weapon) {pain, Will+ Int+5}
   (You found it on level 5 of the Dungeon)

   In the hands of one skilled in necromantic magic, it inflicts extra damage on
   living creatures.
   Int:       It affects your intelligence (+5).
   Will:      It increases your willpower.
 y - the +9 spear of Prudence {drain, Contam rF+++ rC++ Stlth+}
   (You found it on level 4 of the Dungeon)

   A truly terrible weapon, it drains the life of any living foe it strikes.
   rF:        It renders you almost immune to fire.
   rC:        It greatly protects you from cold.
   Contam:    It causes magical contamination when unequipped.
   Stlth:     It makes you more stealthy.
Missiles
 G - a throwing net
Armour
 e - the +1 pair of boots of Vuogabb (worn) {Stlth+}
   (You found it on level 8 of the Dungeon)

   Stlth:     It makes you more stealthy.
 N - a +0 pair of gloves (worn)
Magical Staves
 h - a staff of cold
Jewellery
 s - a ring of protection from fire (left hand)
 w - an amulet of faith (around neck)
 B - a ring of positive energy
 I - a ring of see invisible
 J - a ring of wizardry (right hand)
Wands
 c - a wand of mindburst (6)
 x - a wand of digging (3)
 D - a wand of flame (5)
Scrolls
 b - 5 scrolls of identify
 i - 4 scrolls of poison
 j - a scroll of teleportation
 k - 4 scrolls of noise
 l - a scroll of immolation {unknown}
 p - 2 scrolls of vulnerability
 r - 2 scrolls of amnesia
 u - a scroll of magic mapping {unknown}
 E - 3 scrolls of blinking {unknown}
 K - a scroll of enchant armour
 M - a scroll of enchant weapon {unknown}
Potions
 a - a potion of magic
 f - 2 potions of curing
 o - 3 potions of mutation
 q - a potion of ambrosia
 t - a potion of cancellation
 v - 2 potions of lignification
 z - a potion of berserk rage
 A - a potion of haste {unknown}
 C - 2 potions of brilliance
 F - 2 potions of degeneration {unknown}
 H - a potion of invisibility {unknown}
 L - 2 potions of attraction {unknown}


   Skills:
 - Level 1.7 Dodging
 - Level 1.7 Stealth
 + Level 8.0 Spellcasting
 - Level 7.8 Conjurations
 * Level 0.0 Summonings
 - Level 4.3 Necromancy
 - Level 1.0 Transmutations
 - Level 5.0 Air Magic
 - Level 9.2 Earth Magic


You had 3 spell levels left.
You knew the following spells:

 Your Spells              Type           Power      Damage    Failure   Level
a - Sandblast             Erth           100%       2d20      1%          1
b - Stone Arrow           Conj/Erth      100%       3d13      1%          3
c - Passwall              Tmut/Erth      29%        N/A       1%          2
d - Sublimation of Blood  Necr           31%        N/A       1%          2
e - Mephitic Cloud        Conj/Pois/Air  31%        N/A       1%          3
f - Petrify               Tmut/Erth      35%        N/A       3%          4
g - Summon Hydra          Summ           5%         N/A       100%        7

Your spell library contained the following spells:

 Spells                   Type           Power      Damage    Failure   Level
 Wereblood                Tmut           15%        N/A       2%          2
 Ignite Poison            Fire/Tmut/Pois 11%        N/A       6%          3
 Call Canine Familiar     Summ           10%        N/A       8%          3
 Portal Projectile        Hex/Tloc       20%        N/A       8%          3
 Leda's Liquefaction      Hex/Erth       16%        N/A       3%          4
 Freezing Cloud           Conj/Ice/Air   15%        6-21      12%         5


Dungeon Overview and Level Annotations

Branches:
Dungeon (10/15)            Temple (1/1) D:6            Lair (1/5) D:9
    Orc: D:9-12

Altars:
Ashenzari
Cheibriados
Dithmenos
Elyvilon
Fedhas
Gozag
Hepliaklqana
Kikubaaqudgha
Makhleb
Nemelex Xobeh
Okawaru
Qazlal
Ru
Sif Muna
Trog
Vehumet
Wu Jian
Xom
Yredelemnul
Zin
The Shining One

Shops:
D:4 (?(?   D:9 =

Annotations:
D:3 Sigmund
D:8 Erica
D:10 Urug


Innate Abilities, Weirdness & Mutations

You can breathe bolts of dispelling energy.
Your rich purple scales are hard. (AC +7)
You cannot fit into any form of body armour.
You are cold-blooded and may be slowed by cold attacks.


Message History

Sif Muna accepts your kill.
The blink frog hits you but does no damage.
The blink frog misses you.
The blast of sand hits the blink frog!!
The blink frog is heavily wounded.
The blink frog hits you! The blink frog closely misses you.
The blast of sand hits the blink frog!!
You kill the blink frog!
Sif Muna accepts your kill.
Your Spellcasting skill increases to level 8!
You start resting.
Magic restored.
You start resting.
HP restored.
You see here a blink frog corpse.
Found a stone staircase leading down.
Okay, then.
This spell is impossible to cast!
Memorise Summon Hydra, consuming 7 spell levels and leaving 3?
You start memorising the spell.
You continue memorising. x7
You finish memorising.
Spell assigned to 'g'.
A komodo dragon comes into view.
A komodo dragon is nearby!
You can't see any susceptible monsters within range! (Use Z to cast anyway.)
A yak comes into view.
You can't see any susceptible monsters within range! (Use Z to cast anyway.)
The komodo dragon hisses angrily.
You hear a loud, deep croak!
You see here a scroll labelled IMEOFY PYH AFI.
The blast of sand hits the komodo dragon!
The komodo dragon is moderately wounded.
The blast of sand hits the komodo dragon!
The komodo dragon is heavily wounded.
The komodo dragon bites you!!
The blast of sand hits the komodo dragon!
The komodo dragon is severely wounded.
The komodo dragon bites you! x2
* * * LOW HITPOINT WARNING * * *
Okay, then.
You feel better. The komodo dragon bites you!!
You die...

#######.. .........
......... #........
#...... ##.... ##
#.lY# . # # ##@#
.##.# ####P#..##
..... .........#
......
.........####.....$
...................
.###.#.##..........
.......#..########
#.........#
#......#..#


You could see a komodo dragon and a yak.

Vanquished Creatures
  Maggie (D:6)
  2 trolls (D:9)
  A hornet (D:8)
  5 blink frogs (Lair:1)
  A wyvern (D:9)
  A wraith (D:9)
  6 yaks
  A water moccasin (D:7)
  Duvessa (D:4)
  2 orc warriors
  A black bear (D:6)
  A sky beast (D:7)
  2 ogres
  A gnoll sergeant (D:9)
  5 scorpions
  A bullfrog (D:7)
  A necrophage (D:4)
  Dowan (D:4)
  3 howler monkeys
  2 hounds
  3 orc priests
  2 jellies
  An iguana (D:6)
  4 orc wizards
  9 adders
  7 gnolls
  An ufetubus (D:6)
  4 dart slugs
  19 orcs
  5 bats
  8 endoplasms
  A giant cockroach (D:4)
  10 goblins
  11 hobgoblins
  12 jackals
  4 quokkas
  6 ball pythons
  3 frilled lizards
  2 kobolds
  A rat (D:3)
152 creatures vanquished.

Vanquished Creatures (others)
  A plant (Lair:1)
1 creature vanquished.

Grand Total: 153 creatures vanquished

Notes
Turn   | Place    | Note
-------+----------+-------------------------------------------
     0 | D:1      | drewk1942 the Draconian Earth Elementalist began the quest
                  | for the Orb.
     0 | D:1      | Reached XP level 1. HP: 14/14 MP: 3/3
   343 | D:1      | Reached XP level 2. HP: 20/20 MP: 3/5
   610 | D:1      | Found a faded altar of an unknown god.
  1054 | D:2      | Reached XP level 3. HP: 26/26 MP: 2/6
  1056 | D:2      | Reached skill level 4 in Earth Magic
  1686 | D:2      | Reached XP level 4. HP: 33/33 MP: 5/8
  1830 | D:2      | Found a sacrificial altar of Ru.
  2258 | D:3      | Learned a level 3 spell: Stone Arrow
  2259 | D:3      | Noticed Sigmund
  2768 | D:3      | You fall into a shaft and drop 3 floors!
  2779 | D:6      | Reached skill level 1 in Conjurations
  2869 | D:5      | Entered Level 5 of the Dungeon
  2902 | D:5      | Reached XP level 5. HP: 19/38 MP: 6/9
  2908 | D:5      | Reached skill level 5 in Earth Magic
  3141 | D:5      | Reached XP level 6. HP: 18/45 MP: 2/11
  3569 | D:5      | Found the +4 dagger "Morg" {pain, Will+ Int+5}
  4309 | D:4      | Reached skill level 6 in Earth Magic
  4309 | D:4      | Your scales start taking on a rich purple colour.
  4309 | D:4      | Reached XP level 7. HP: 50/50 MP: 9/13
  4551 | D:4      | Noticed Duvessa
  4551 | D:4      | Noticed Dowan
  4556 | D:4      | Killed Duvessa
  4558 | D:4      | Killed Dowan
  4559 | D:4      | Reached skill level 5 in Spellcasting
  4565 | D:4      | Learned a level 2 spell: Passwall
  4568 | D:4      | Learned a level 2 spell: Sublimation of Blood
  4779 | D:4      | Found Qiugot's Weapon Shop.
  4789 | D:4      | Reached skill level 1 in Necromancy
  5013 | D:4      | Found Megeumirch's Magic Scroll Boutique.
  5033 | D:4      | Bought a scroll of identify for 22 gold pieces
  5083 | D:4      | Identified the +9 spear of Prudence {drain, Contam rF+++
                  | rC++ Stlth+}
  5097 | D:4      | Found Acryebb's Weapon Shoppe.
  5243 | D:4      | Found Silyph's Magic Scroll Shoppe.
  5253 | D:4      | Bought a scroll of identify for 24 gold pieces
  5253 | D:4      | Bought a scroll of identify for 24 gold pieces
  5344 | D:5      | Reached XP level 8. HP: 42/57 MP: 15/15
  5589 | D:6      | Found a staircase to the Ecumenical Temple.
  5622 | Temple   | Entered the Ecumenical Temple
  5858 | Temple   | Became a worshipper of Sif Muna the Loreminder
  6018 | D:6      | Noticed Maggie
  6042 | D:6      | Killed Maggie
  6043 | D:6      | Reached skill level 5 in Conjurations
  6043 | D:6      | Reached skill level 7 in Earth Magic
  7041 | D:7      | Learned a level 3 spell: Mephitic Cloud
  7310 | D:7      | Reached skill level 1 in Air Magic
  7881 | D:7      | Reached XP level 9. HP: 62/62 MP: 14/18
  8463 | D:8      | Noticed Erica
  8484 | D:8      | Identified the +1 pair of boots of Vuogabb {Stlth+}
  8867 | D:9      | Reached * piety under Sif Muna
  9119 | D:9      | Noticed a troll
  9123 | D:9      | Killed a troll
  9124 | D:9      | Reached skill level 8 in Earth Magic
  9132 | D:9      | Noticed a troll
  9138 | D:9      | Killed a troll
  9297 | D:9      | Reached skill level 5 in Air Magic
  9450 | D:9      | Found a glowing golden altar of the Shining One.
  9450 | D:9      | Found a stormy altar of Qazlal.
  9450 | D:9      | Found a blossoming altar of Fedhas.
  9450 | D:9      | Found a radiant altar of Vehumet.
  9458 | D:9      | Found a hazy altar of Hepliaklqana.
  9458 | D:9      | Found an opulent altar of Gozag.
  9687 | D:9      | Learned a level 4 spell: Petrify
 10311 | D:9      | Found a staircase to the Lair.
 10526 | D:9      | Found Fyicetab's Jewellery Shoppe.
 10747 | D:10     | Entered Level 10 of the Dungeon
 10748 | D:10     | Noticed Urug
 10950 | D:10     | Reached XP level 10. HP: 66/69 MP: 7/21
 11077 | Lair:1   | Entered Level 1 of the Lair of Beasts
 11312 | Lair:1   | Reached skill level 9 in Earth Magic
 11471 | Lair:1   | Learned a level 7 spell: Summon Hydra
 11498 | Lair:1   | Slain by a komodo dragon

Illustrated notes

Levels and vault maps discovered:
D:1:      dpeg_arrival_line_fractal, layout_loops_ring,
          chequers_ecumenical_altar_grove
D:2:      cheibrodos_greedy_goblins, layout_basic, basic_altar,
          minmay_tetromino_o4
D:3:      layout_loops_cross, uniq_sigmund
D:4:      layout_loops_ring, serial_shops, nicolae_lakefront_shop,
          nicolae_stop_n_shop_2, nicolae_shop_crystal, shop, uniq_duvessa
D:5:      layout_loops_ring, minmay_stone_trees_small
D:6:      layout_basic, minmay_temple_entry_statues_fountains,
          nicolae_ossuary_entry_monument, uniq_maggie
D:7:      layout_layer_cave
D:8:      layout_rooms, mainiacjoe_overflow_six_doors_small,
          gammafunk_ghost_stat_death, kennysheep_dice, uniq_erica
D:9:      layout_layer_cave, minmay_overflow_temple_hex, lair_entry_dummy,
          serial_shops, shop, nicolae_concentric_dashed_squares_wild,
          minivault_16
D:10:     kennysheep_spiral_hall, layout_basic, erik_orc_1,
          minmay_guarded_unrand_staff_of_olgreb, uniq_urug
Temple:   regret_index_temple_generic_petals
Lair:1:   layout_chaotic_city, serial_bayou_shore_b

Skill      XL: |  1  2  3  4  5  6  7  8  9 10 |
---------------+-------------------------------+-----
Earth Magic    | 4 5 6 7 8 9 |  9.2
Spellcasting   | 3 4 5 6 7 8 |  8.0
Conjurations   | 1 2 3 4 5 7 |  7.8
Necromancy     | 2 4 |  4.3
Air Magic      | 2 5 |  5.0
Dodging        | |  1.7
Stealth        | |  1.7
Transmutations | |  1.0

Action                   |  1- 3 |  4- 6 |  7- 9 | 10-12 || total
-------------------------+-------+-------+-------+-------++-------
Melee: Short sword       |    25 |       |       |       ||    25
       Tailslap          |     5 |     5 |     2 |       ||    12
       Mace              |    23 |    41 |       |       ||    64
       Dagger            |       |     3 |    39 |       ||    42
 Cast: Sandblast         |    24 |    52 |    94 |    14 ||   184
       Stone Arrow       |       |     3 |    51 |     4 ||    58
       Sublimation of Bl |       |       |     3 |       ||     3
       Mephitic Cloud    |       |       |     6 |       ||     6
       Petrify           |       |       |     2 |     3 ||     5
 Abil: Breathe Dispellin |       |       |     1 |       ||     1
  Use: Potion            |       |     3 |     3 |     1 ||     7
       Scroll            |       |       |    12 |       ||    12
 Stab: Sleeping          |     2 |     2 |       |       ||     4
       Petrified         |       |       |     5 |       ||     5
Armor: Skin              |    11 |    38 |    22 |     7 ||    78
Dodge: Dodged            |    46 |    33 |    62 |    10 ||   151
